 Dungeon Crawl Stone Soup version 0.29.1-2-gbd0b4ee654 (console) character file.

Game seed: 6519696682949097209

0 Goreval the Sneak (level 1, 0/15 HPs)
             Began as a Naga Enchanter on Nov 15, 2022.
             Slain by a jackal (2 damage)
             ... on level 1 of the Dungeon.
             The game lasted 00:01:27 (82 turns).

Goreval the Sneak (Naga Enchanter)                    Turns: 82, Time: 00:01:28

Health: 0/15       AC:  1    Str: 10    XL:     1   Next: 10%
Magic:  3/3        EV:  9    Int: 15    God:
Gold:   15         SH:  0    Dex: 11    Spells: 4/4 levels left

rFire   . . .      SeeInvis +   a - +1 dagger
rCold   . . .      Faith    .   (no shield)
rNeg    . . .      Spirit   .   b - +0 robe
rPois   +          Reflect  .   (no helmet)
rElec   .          Harm     .   (no cloak)
rCorr   .          Rampage  .   (no gloves)
Will    .....                   (no barding)
Stlth   ++........              (no amulet)
HPRegen 0.05/turn               (no ring)
MPRegen 0.08/turn               (no ring)

@: very slow
A: AC +0, large, see invisible, deformed body, poison resistance, slowness 2,
spit poison 1, naga tail 1
a: Spit Poison


You were on level 1 of the Dungeon.
You visited 1 branch of the dungeon, and saw 1 of its levels.

You collected 15 gold pieces.

Inventory:

Hand Weapons
 a - a +1 dagger (weapon)
Missiles
 d - 6 stones
Armour
 b - a +0 robe (worn)
Potions
 c - 2 potions of invisibility
 e - a potion of brilliance {unknown}


   Skills:
 * Level 1.0 Short Blades
 - Level 1.5 Dodging
 + Level 4.4 Stealth
 + Level 2.0 Spellcasting
 * Level 3.0 Hexes


You had 4 spell levels left.
You didn't know any spells.
Your spell library contained the following spells:

 Spells                   Type           Power      Damage    Failure   Level
 Ensorcelled Hibernation  Hex/Ice        12%        N/A       19%         2
 Confusing Touch          Hex            10%        N/A       19%         3
 Tukima's Dance           Hex            10%        N/A       19%         3
 Dazzling Flash           Conj/Hex       12%        N/A       34%         3


Dungeon Overview and Level Annotations

Branches:
Dungeon (1/15)

Altars:


Innate Abilities, Weirdness & Mutations

Your serpentine skin is tough. (AC +0)
You have supernaturally acute eyesight. (SInv)
Armour fits poorly on your strangely shaped body.
Your system is resistant to poisons. (rPois)
You cover ground very slowly.
You can spit poison.
You have a snake-like lower body.


Message History

d - 6 stones
Okay, then.
Found 15 gold pieces.
You now have 15 gold pieces.
e - a ruby potion
Found 2 scrolls labelled RUCUHOSIMY.
Found 9 gold pieces.
Found 9 stones.
A goblin comes into view. It is wielding a +0 dagger.
You hit the plant.
The plant begins to die.
A nearby plant withers and dies.
The helpless goblin fails to defend itself.
You puncture the goblin!
You kill the goblin!
Things that are here:
a +0 dagger; a goblin corpse A jackal comes into view.
The jackal barks!
A quokka comes into view.
A frilled lizard comes into view.
You completely miss the jackal. The jackal barely misses you.
You hit the jackal but do no damage. The jackal barely misses you.
You barely miss the jackal. The jackal bites you.
You hit the jackal but do no damage. The jackal barely misses you.
The jackal bites you.
You hit the jackal.
The jackal bites you but does no damage.
You closely miss the jackal. The jackal barely misses you.
You barely miss the jackal. The jackal bites you.
The jackal bites you but does no damage.
You are too injured to fight recklessly!
You are too injured to fight recklessly!
You hit the jackal. The jackal bites you.
You closely miss the jackal. The jackal completely misses you.
A rat comes into view.
You hit the jackal. The jackal bites you.
The jackal bites you but does no damage.
You barely miss the jackal. The jackal barely misses you.
You closely miss the jackal. The jackal bites you.
* * * LOW HITPOINT WARNING * * *
You barely miss the jackal. The jackal bites you.
You die...

#. ##.## .?.# ~~P ♣♣♣####..### ~~.~
.........$. ~.~ ♣P~....... ♣~~
♣♣♣♣......##########... ♣~♣
♣.##.#.................
♣~♣♣♣.##.###.###.#.#####...
♣♣~~♣#.##.# #.# #..........
#.#####♣).~♣#.##.###.###...#######
#....h....#................######
...##.#####.#.#.#..........#......#
.. #.#.#.#..######.#######.# ...
#rh@.....# ###..# #.# ..l
#.###.##.###....# #.# .h #.#
#(#.........# #.# r ..#
....##''##..#######.#
...#.....#....#....).>...# ....#
##.88.#######.......... .....#
#....# #####...... ...... #...<#
.##### ###### .# .. .#


You could see a jackal and a rat.

Vanquished Creatures
  A goblin (D:1)
1 creature vanquished.

Vanquished Creatures (others)
  A plant (D:1)
1 creature vanquished.

Grand Total: 2 creatures vanquished

Notes
Turn   | Place    | Note
-------+----------+-------------------------------------------
     0 | D:1      | Goreval the Naga Enchanter began the quest for the Orb.
     0 | D:1      | Reached XP level 1. HP: 15/15 MP: 3/3
    82 | D:1      | Slain by a jackal

Illustrated notes

Levels and vault maps discovered:
D:1:      sevenhm_arrival_forest_fort_small_6, layout_loops_ring,
          palyth_stone_intersect, reono_crystal_passage, serial_bayou_crossing

Action                   || total
-------------------------++-------
Melee: Dagger            ||    15
 Stab: Sleeping          ||     1
Armor: Robe              ||     3
Dodge: Dodged            ||     6
